 Dungeon Crawl Stone Soup version 0.17.1-3-g152610e (webtiles) character file.

109 Gargoyl the Skirmisher (level 4, -7/35 HPs)
             Began as a Demonspawn Abyssal Knight on Mar 6, 2016.
             Was a Follower of Lugonu.
             Killed by nerve-wracking pain
             ... invoked by a shadow imp
             ... summoned by Natasha
              (9 damage)
             ... on level 2 of the Dungeon.
             The game lasted 00:04:05 (1696 turns).

Gargoyl the Skirmisher (Demonspawn Abyssal Knight)  Turns: 1696, Time: 00:04:06

Health: -7/35      AC: 12    Str: 14    XL:     4   Next: 59%
Magic:  6/6        EV:  6    Int: 13    God:    Lugonu [*.....]
Gold:   86         SH:  5    Dex: 12    Spells: 0 memorised, 3 levels left

rFire  . . .     SeeInvis .     a - +1 hand axe
rCold  . . .     Clarity  .     p - +0 chain mail
rNeg   . . .     SustAt   .     l - +0 buckler
rPois  .         Gourm    .     (no helmet)
rElec  .         Spirit   .     (no cloak)
rCorr  .         Warding  .     e - +0 pair of gloves
rMut   .         Stasis   .     (no boots)
MR     .....                    (no amulet)
Stlth  ..........               (no ring)
                                (no ring)

@: very slightly contaminated, hasted and slowed, not resistant to hostile
enchantments, extremely unstealthy
A: large bone plates 1, powered by death 1
a: Depart the Abyss, Renounce Religion


You were on level 2 of the Dungeon.
You worshipped Lugonu.
Lugonu was aware of your devotion.
You were not hungry.

You visited 1 branch of the dungeon, and saw 2 of its levels.
You visited the Abyss 1 time.

You collected 86 gold pieces.

Inventory:

Hand Weapons
 a - a +1 hand axe (weapon)
Armour
 e - a +0 pair of gloves (worn)
 l - a +0 buckler (worn)
 p - a +0 chain mail (worn)
Scrolls
 f - 2 scrolls of remove curse {unknown}
 j - a scroll of teleportation {unknown}
 n - a scroll of enchant armour {unknown}
Comestibles
 c - 3 bread rations
 d - a beef jerky
 h - 2 slices of pizza
 o - a meat ration


   Skills:
 + Level 3.5 Fighting
 + Level 2.2 Axes
 + Level 2.5 Armour
 + Level 2.4 Dodging
 + Level 0.2 Stealth
 + Level 0.6 Shields
 + Level 2.7 Invocations


You had 3 spell levels left.
You didn't know any spells.

Dungeon Overview and Level Annotations

Branches:
Dungeon (2/15)

Altars:

Annotations:
D:2 Natasha


Innate Abilities, Weirdness & Mutations

You are partially covered in large bone plates (AC +2, SH +2).
You regenerate a little health from kills.


Message History

The shadow imp hits you.
* * * LOW HITPOINT WARNING * * *
The white imp gestures at you. The puff of frost hits you!
* * * LOW HITPOINT WARNING * * *
Natasha claws you but does no damage. The hobgoblin barely misses you.
You block the white imp's attack. You block the shadow imp's attack.
You closely miss Natasha.
Natasha is severely wounded.
You hit the hobgoblin but do no damage.
The hobgoblin is almost dead.
You closely miss the shadow imp.
The shadow imp is heavily wounded.
You closely miss the white imp.
The white imp is lightly wounded.
Natasha claws you but does no damage.
The hobgoblin hits you but does no damage.
The shadow imp gestures at you. Pain shoots through your body!
You die...

................ #.# ##.##
######.##.###.... #.# #...#
#.##.# ... #.###'''# ##.##.# ...
###≈≈...≈ ##.#...# #.## ##≈≈♣...♣
##.#.##.# #... ##≈≈♣.♣.♣.
###.###.#.# #.5# ##≈≈♣...♣..
...## ##..# #gh# ##≈≈♣.♣.♣.♣.
##..###.#.#####5@# ##≈≈♣...♣.♣.♣
#.#.#.##......5.####≈≈♣.♣.♣.♣.♣.
#....###.####[....##≈♣...♣...♣..
#.######.####.#.#..'..♣.♣.♣.♣.♣.
#.# ##...##.......'...♣.♣.♣)♣.♣
#.####.###.#..#.#÷.'..♣.♣.♣.♣.♣.
#......###........##≈♣...♣...♣..
##..###.<##...##.####≈≈♣.♣.♣.♣.♣.
...........#..##.#####≈≈♣...♣.♣.♣


You could see Natasha, a crimson imp, a white imp, a shadow imp and a hobgoblin.

Vanquished Creatures
  Natasha (D:2)
  5 adders (D:2)
  A worm (D:2)
  6 bats
  3 giant cockroaches
  5 goblins
  3 hobgoblins
  2 jackals (D:1)
  2 giant newts
  6 kobolds
  A quokka (D:2)
  4 rats (D:2)
39 creatures vanquished.

Notes
Turn   | Place    | Note
--------------------------------------------------------------
     0 | Abyss:1  | Gargoyl the Demonspawn Abyssal Knight began the quest for the Orb.
     0 | Abyss:1  | Reached XP level 1. HP: 18/18 MP: 2/2
     2 | Abyss:1  | Found a corrupted altar of Lugonu.
    21 | Abyss:1  | Found a corrupted altar of Lugonu.
   135 | Abyss:1  | Noticed a small abomination
   152 | Abyss:1  | Noticed a small abomination
   162 | Abyss:1  | Noticed a smoke demon
   164 | D:1      | Escaped the Abyss
   246 | D:1      | Reached skill level 1 in Dodging
   426 | D:1      | Gained mutation: You regenerate a little health from kills. [demonic ancestry]
   426 | D:1      | Reached XP level 2. HP: 24/24 MP: 3/3
   461 | D:1      | Reached * piety under Lugonu
   921 | D:2      | Gained mutation: You are partially covered in large bone plates (AC +2, SH +2). [demonic ancestry]
   921 | D:2      | Reached XP level 3. HP: 18/29 MP: 5/5
  1221 | D:2      | Noticed Natasha
  1239 | D:2      | Killed Natasha
  1239 | D:2      | Reached XP level 4. HP: 24/35 MP: 6/6
  1674 | D:2      | Noticed Natasha
  1696 | D:2      | Killed from afar by a shadow imp

Action                   |  1- 3 |  4- 6 || total
-------------------------+-------+-------++-------
Melee: Hand axe          |   114 |    91 ||   205
Invok: Depart the Abyss  |     1 |       ||     1
  Use: Scroll            |     1 |       ||     1
       Potion            |     1 |     5 ||     6
  Eat: Chunk             |     1 |     2 ||     3
